 Dungeon Crawl Stone Soup version 0.20.0-15-g7f486f2 (webtiles) character file.

71 blackwizard the Caller (level 4, -8/40 HPs)
             Began as a Troll Summoner on June 9, 2017.
             Killed from afar by Mygna's ghost (11 damage)
             ... with a spray of energy
             ... on level 3 of the Dungeon.
             The game lasted 00:09:21 (1765 turns).

blackwizard the Caller (Troll Summoner)             Turns: 1765, Time: 00:09:22

Health: -8/40      AC:  5    Str: 17    XL:     4   Next: 5%
Magic:  2/5        EV: 10    Int: 11    God:
Gold:   64         SH:  0    Dex: 10    Spells: 1/6 levels left

rFire    . . .     SeeInvis .   j - +0 mace
rCold    . . .     Gourm    +   (no shield)
rNeg     . . .     Faith    .   a - +0 robe
rPois    .         Spirit   .   (helmet restricted)
rElec    .         Reflect  .   (no cloak)
rCorr    .         Harm     .   (gloves unavailable)
MR       .....                  (boots unavailable)
Stlth    +.........             (no amulet)
Regen    0.6/turn               (no ring)
MPRegen  0.1/turn               (no ring)

@: very slightly contaminated
A: unfitting armour, claws 3, fast metabolism 3, gourmand, regeneration 1,
shaggy fur 1, tough skin 2
a: no special abilities


You were on level 3 of the Dungeon.
You were hungry.

You visited 1 branch of the dungeon, and saw 3 of its levels.

You collected 64 gold pieces.

Inventory:

Hand Weapons
 d - a +0 club
 j - a +0 mace (weapon)
 t - a +0 hand axe
 v - a +4 hunting sling of velocity
Missiles
 e - 85 stones (quivered)
 u - 35 sling bullets
Armour
 a - a +0 robe (worn)
Scrolls
 g - a scroll of magic mapping {unknown}
 h - 3 scrolls of teleportation {unknown}
 i - a scroll of enchant armour {unknown}
 k - 2 scrolls of identify {unknown}
 l - a scroll of fear {unknown}
 n - a scroll of fog {unknown}
 o - 4 scrolls of remove curse {unknown}
 r - a scroll of enchant weapon {unknown}
Potions
 m - a potion of might {unknown}
 p - a potion of degeneration {unknown}
 q - a potion of mutation {unknown}
Books
 b - a book of Callings

   Spells                             Type                      Level
   a - Summon Small Mammal            Summoning                    1
   b - Call Imp                       Summoning                    2
   c - Call Canine Familiar           Summoning                    3
   d - Summon Guardian Golem          Hexes/Summoning              3
   e - Summon Lightning Spire         Summoning/Air                4
   f - Summon Ice Beast               Ice/Summoning                4
Comestibles
 c - 3 chunks of flesh
 f - a royal jelly
 s - a meat ration


   Skills:
 + Level 0.7 Fighting
 + Level 0.3 Maces & Flails
 + Level 2.1 Dodging
 + Level 1.0 Stealth
 + Level 0.2 Unarmed Combat
 + Level 1.6 Spellcasting
 + Level 3.4 Summonings


You had one spell level left.
You knew the following spells:

 Your Spells              Type           Power        Failure   Level  Hunger
a - Summon Small Mammal   Summ           #...         8%          1    ##.....
b - Summon Ice Beast      Ice/Summ       #.......     83%         4    #####..


Dungeon Overview and Level Annotations

Branches:
Dungeon (3/15)

Altars:

Annotations:
D:3 Mygna's ghost, amateur DrCj


Innate Abilities, Weirdness & Mutations

You are too large for most types of armour.
You have claws for hands.
Your metabolism is lightning-fast.
You like to eat raw meat.
Your natural rate of healing is unusually fast.
You are covered in fur. (AC +1)
You have very tough skin. (AC +2)


Message History

The magic dart hits you!
* * * LOW HITPOINT WARNING * * *
Your rat bites Mygna's ghost but does no damage.
A hobgoblin comes into view.
The hobgoblin shouts!
Mygna's ghost says, "You will never get the ORB!"
Your rat misses Mygna's ghost.
Your rat bites Mygna's ghost but does no damage.
Mygna's ghost points at you and mumbles some strange words.
The spray of energy misses you.
Your rat bites Mygna's ghost.
A quokka comes into view.
Mygna's ghost closely misses your rat.
Your rat closely misses Mygna's ghost.
Mygna's ghost gestures at you while chanting.
The magic dart hits you!
* * * LOW HITPOINT WARNING * * *
Your rat bites Mygna's ghost but does no damage.
Mygna's ghost shouts, "They lied to you.
The Dungeon just goes down and down forever."
Mygna's ghost casts a spell at you. The spray of energy hits you!
You die...

########## ########## ##.....#...
#........######..........
#.........#.........>....
#######........................
.................r)............
#########........................
..$..............................
#........rW....@................
#...........g...................
#...........................#...
#..........#...........######.##
.o..........#####..#####. ...##
##............ .... .....
#####...##.### ..... .....#.
#.#$##.. .#### .....##


You could see Mygna's ghost, a quokka, a hobgoblin and a friendly rat.

Vanquished Creatures
  2 adders (D:2)
  An ooze (D:2)
  A dart slug (D:2)
  A bat (D:1)
  A giant cockroach (D:2)
  8 hobgoblins
  4 kobolds
  A quokka (D:3)
  A frilled lizard (D:2)
  3 rats
  2 plants (D:2)
25 creatures vanquished.

Vanquished Creatures (collateral kills)
  An adder (D:2)
  2 worms (D:2)
  A dart slug (D:1)
  2 goblins
  2 hobgoblins
  4 bats (D:1)
  3 frilled lizards
  2 kobolds
  4 rats
21 creatures vanquished.

Grand Total: 46 creatures vanquished

Notes
Turn   | Place    | Note
-------+----------+-------------------------------------------
     0 | D:1      | blackwizard the Troll Summoner began the quest for the Orb.
     0 | D:1      | Reached XP level 1. HP: 16/16 MP: 1/1
    19 | D:1      | Reached skill level 3 in Summonings
   280 | D:1      | Reached XP level 2. HP: 23/24 MP: 0/3
   770 | D:2      | Reached XP level 3. HP: 27/32 MP: 0/4
  1704 | D:3      | Reached XP level 4. HP: 40/40 MP: 1/5
  1728 | D:3      | Learned a level 4 spell: Summon Ice Beast
  1740 | D:3      | Noticed Mygna's ghost (amateur DrCj)
  1763 | D:3      | HP: 2/40 [Mygna's ghost/magic dart (7)]
  1765 | D:3      | Killed from afar by Mygna's ghost

Skill      XL: |  1  2  3 |
---------------+----------+-----
Summonings     | 3 |  3.4
Dodging        | 2 |  2.1
Fighting       | |  0.7
Maces & Flails | |  0.3
Stealth        | |  1.0
Unarmed Combat | |  0.2
Spellcasting   | |  1.6

Action                   |  1- 3 |  4- 6 || total
-------------------------+-------+-------++-------
Melee: Unarmed           |    35 |       ||    35
       Mace              |   155 |    11 ||   166
       Club              |     6 |       ||     6
 Cast: Summon Small Mamm |    56 |     4 ||    60
  Eat: Chunk             |     7 |       ||     7
       Bread ration      |     2 |       ||     2
Armor: Robe              |    82 |     1 ||    83
Dodge: Dodged            |   107 |     8 ||   115
